 Dungeon Crawl Stone Soup version 0.21.1-1-g345015f (webtiles) character file.

158 warborn304 the Skirmisher (level 5, -2/45 HPs)
             Began as a Draconian Skald on June 23, 2018.
             Was an Initiate of Okawaru.
             Killed by nerve-wracking pain
             ... invoked by Grinder
              (11 damage)
             ... on level 4 of the Dungeon.
             The game lasted 00:18:26 (4235 turns).

warborn304 the Skirmisher (Draconian Skald)         Turns: 4235, Time: 00:18:26

Health: -2/45      AC:  6    Str: 14    XL:     5   Next: 16%
Magic:  0/8        EV: 13    Int: 14    God:    Okawaru [......]
Gold:   204        SH:  0    Dex: 14    Spells: 7/8 levels left

rFire    + . .     SeeInvis .   a - +0 mace
rCold    . . .     Gourm    .   (no shield)
rNeg     . . .     Faith    .   (armour unavailable)
rPois    .         Spirit   +   (helmet restricted)
rElec    .         Reflect  .   (no cloak)
rCorr    .         Harm     .   d - +0 pair of gloves
MR       .....                  (no boots)
Stlth    ++........             s - amulet of guardian spirit
HPRegen  0.15/turn              j - +4 ring of dexterity
MPRegen  0.11/turn              o - ring of protection from fire

@: no status effects
A: unfitting armour, cold-blooded, AC +5
a: Renounce Religion


You were on level 4 of the Dungeon.
You worshipped Okawaru.
Okawaru was noncommittal.
You were not hungry.

You visited 1 branch of the dungeon, and saw 4 of its levels.

You collected 204 gold pieces.

Inventory:

Hand Weapons
 a - a +0 mace (weapon)
 k - a +0 spear
 z - a +0 vampiric dagger
 A - a +0 hunting sling
Missiles
 h - 6 needles of sleeping
Armour
 d - a +0 pair of gloves (worn)
 l - a +2 leather armour of fire resistance
 m - a +0 leather armour
 p - a +0 ring mail
 u - a cursed +0 chain mail
 B - a +1 animal skin
 C - a +0 helmet
Jewellery
 j - a +4 ring of dexterity (left hand)
 o - a ring of protection from fire (right hand)
 s - an amulet of guardian spirit (around neck)
 y - an uncursed amulet of faith {unknown}
Scrolls
 e - a scroll of immolation {unknown}
 f - a scroll of noise {unknown}
 t - a scroll of enchant weapon {unknown}
 v - a scroll of magic mapping {unknown}
 x - a scroll of enchant armour {unknown}
Potions
 g - 2 potions of curing
 i - 2 potions of might {unknown}
 q - 4 potions of flight {unknown}
 r - a potion of cancellation {unknown}
Books
 b - a book of Battle

   Spells                             Type                      Level
   a - Infusion                       Charms                       1
   b - Shroud of Golubria             Charms/Translocation         2
   c - Song of Slaying                Charms                       2
   d - Spectral Weapon                Hexes/Charms                 3
   e - Regeneration                   Charms/Necromancy            3
Comestibles
 c - a ration


   Skills:
 + Level 3.3 Fighting
 + Level 3.1 Maces & Flails
 + Level 3.1 Dodging
 + Level 0.5 Stealth
 + Level 2.3 Spellcasting
 + Level 3.2 Charms


You had 7 spell levels left.
You knew the following spells:

 Your Spells              Type           Power        Failure   Level  Hunger
a - Infusion              Chrm           ##..         6%          1    #......


Dungeon Overview and Level Annotations

Branches:
Dungeon (4/15)
 Temple: D:4-7

Altars:
Ashenzari
Okawaru
The Shining One

Annotations:
D:3 Mortalkoil's ghost, amateur BaMo
D:4 Grinder; Pikel


Innate Abilities, Weirdness & Mutations

Your plain brown scales are hard. (AC +5)
You cannot fit into any form of body armour.
You are cold-blooded and may be slowed by cold attacks.


Message History

Grinder is lightly wounded.
Grinder hits you!
You writhe in agony.
An orc comes into view.
The orc shouts!
You hit Grinder. You tail-slap Grinder.
Grinder is moderately wounded.
The orc moves out of view.
Grinder hits you but does no damage.
You hit Grinder.
Grinder is heavily wounded.
Grinder gestures at you. Pain shoots through your body!
You closely miss Grinder.
Your tail-slap misses Grinder.
Grinder is heavily wounded.
Grinder hits you.
* * * LOW HITPOINT WARNING * * *
You writhe in agony.
* * * LOW HITPOINT WARNING * * *
Grinder gestures at you. Pain shoots through your body!
You die...

..#.. #. .#.####.
....##.###
######.#.##.... .
........##..#
#..##.##.......#
....o....#.###.###
#
#..@.........##.#
#..5....###......#
#.......# ###.####
#...$.....# #.#
#####...### #.#
...... #.##
#...... #..####
#....... #..#...#
#.###..#


You could see Grinder and an orc.

Vanquished Creatures
  An orc wizard (D:4)
  Jessica (D:3)
  Robin (D:4)
  2 adders
  A worm (D:2)
  A dart slug (D:1)
  2 leopard geckos (D:2)
  4 orcs
  2 ball pythons
  2 bats (D:1)
  3 giant cockroaches
  4 hobgoblins
  2 jackals (D:1)
  2 frilled lizards
  18 goblins
  11 kobolds
  5 rats
62 creatures vanquished.

Notes
Turn   | Place    | Note
-------+----------+-------------------------------------------
     0 | D:1      | warborn304 the Draconian Skald began the quest for the Orb.
     0 | D:1      | Reached XP level 1. HP: 17/17 MP: 3/3
   587 | D:1      | Reached XP level 2. HP: 20/25 MP: 0/5
  1636 | D:2      | Reached XP level 3. HP: 12/30 MP: 6/6
  2521 | D:2      | Found a glowing golden altar of the Shining One.
  2743 | D:3      | Found an iron altar of Okawaru.
  2749 | D:3      | Found a shattered altar of Ashenzari.
  2778 | D:3      | Became a worshipper of Warmaster Okawaru
  2800 | D:3      | Noticed Jessica
  2811 | D:3      | Killed Jessica
  2811 | D:3      | Reached XP level 4. HP: 36/38 MP: 3/7
  3129 | D:3      | Noticed Mortalkoil's ghost (amateur BaMo)
  3366 | D:4      | Noticed Pikel
  3366 | D:4      | Noticed a slave
  3371 | D:4      | Noticed Grinder
  3372 | D:4      | Paralysed by Grinder for 7 turns
  3610 | D:4      | Noticed Robin
  3767 | D:4      | Killed Robin
  3917 | D:4      | Noticed a slave
  3917 | D:4      | Noticed a slave
  3931 | D:4      | Reached XP level 5. HP: 11/45 MP: 1/8
  4235 | D:4      | Killed from afar by Grinder

Skill      XL: |  1  2  3  4 |
---------------+-------------+-----
Charms         | 3 |  3.2
Fighting       | 3 |  3.3
Dodging        | 3 |  3.1
Maces & Flails | 3 |  3.1
Stealth        | |  0.5
Spellcasting   | |  2.3

Action                   |  1- 3 |  4- 6 || total
-------------------------+-------+-------++-------
Melee: Mace              |   104 |    97 ||   201
       Tailslap          |     5 |    10 ||    15
 Cast: Infusion          |     2 |     4 ||     6
  Use: Scroll            |     3 |     3 ||     6
  Eat: Chunk             |     2 |     1 ||     3
       Ration            |     1 |     2 ||     3
Armor: Skin              |    36 |    48 ||    84
Dodge: Dodged            |    85 |   114 ||   199
